 Dungeon Crawl Stone Soup version 0.19.5 (webtiles) character file.

378 RaHiT the Magician (level 6, -2/41 HPs)
             Began as a Mummy Conjurer on May 23, 2017.
             Shot with an arrow by a centaur (3 damage)
             ... on level 3 of the Dungeon.
             The game lasted 00:21:21 (4912 turns).

RaHiT the Magician (Mummy Conjurer)                 Turns: 4912, Time: 00:21:22

Health: -2/41      AC:  2    Str: 11    XL:     6   Next: 45%
Magic:  3/15       EV: 12    Int: 17    God:
Gold:   226        SH:  0    Dex: 12    Spells: 4 memorised, 5 levels left

rFire  x . .     SeeInvis .     h - -2 spear
rCold  + . .     Gourm    .     a - +0 robe
rNeg   + + +     Faith    .     (no shield)
rPois  ∞         Spirit   .     (no helmet)
rElec  .         Reflect  .     (no cloak)
rCorr  .         Harm     .     (no gloves)
MR     .....                    (no boots)
Stlth  ++........               g - amulet of inaccuracy
                                (no ring)
                                (no ring)

@: very slightly contaminated
A: no food or potions, fire vulnerability, cold resistance 1, negative energy
resistance 3, torment resistance, unbreathing
a: no special abilities


You were on level 3 of the Dungeon.
You were not hungry.

You visited 1 branch of the dungeon, and saw 4 of its levels.

You collected 226 gold pieces.

Inventory:

Hand Weapons
 h - a -2 spear (weapon)
 j - a +0 long sword of holy wrath
 k - a +0 antimagic club
Armour
 a - a +0 robe (worn)
Jewellery
 g - an amulet of inaccuracy (around neck)
Scrolls
 d - a scroll of immolation {unknown}
 e - a scroll of remove curse
 f - 2 scrolls of enchant armour {unknown}
 i - a scroll of recharging {unknown}
Books
 b - a book of Conjurations

   Spells                             Type                      Level
   a - Magic Dart                     Conjuration                  1
   b - Searing Ray                    Conjuration                  2
   c - Dazzling Spray                 Conjuration/Hexes            3
   d - Fulminant Prism                Conjuration/Hexes            4
   e - Iskenderun's Mystic Blast      Conjuration                  4
   f - Iskenderun's Battlesphere      Conjuration/Charms           5


   Skills:
 - Level 1.5 Dodging
 - Level 1.5 Stealth
 - Level 6.0 Spellcasting
 * Level 3.7 Conjurations


You had 5 spell levels left.
You knew the following spells:

 Your Spells              Type           Power        Failure   Level  Hunger
a - Magic Dart            Conj           ###.         2%          1    N/A
b - Iskenderun's Mystic   Conj           ###.....     30%         4    N/A
c - Iskenderun's Battles  Conj/Chrm      ##......     99%         5    N/A
q - Searing Ray           Conj           ###...       4%          2    N/A

Dungeon Overview and Level Annotations

Branches:
Dungeon (4/15)
 Temple: D:4-7

Altars:
Gozag
Hepliaklqana
Qazlal
Sif Muna
Trog

Annotations:
D:2 Sigmund


Innate Abilities, Weirdness & Mutations

You do not eat or drink.
Your flesh is vulnerable to fire.
You are immune to poison.
Your flesh is cold resistant. (rC+)
You are immune to negative energy. (rN+++)
You are immune to unholy pain and torment.
You can survive without breathing.


Message History

The searing ray misses the phantom. (Press . to maintain the ray.)
The searing ray misses the phantom.
The phantom hits you.
The phantom blinks!
There is an escape hatch in the ceiling here.
A mysterious force pulls you upwards. The hatch slams shut behind you.
Found a bloodstained altar of Trog.
The centaur shouts!
The centaur shoots an arrow.
The arrow hits you!
* * * LOW HITPOINT WARNING * * *
As you read the scroll labeled TESUH HECEBI, it crumbles to dust.
You feel as if something is helping you.
It was a scroll of remove curse.
The centaur shoots an arrow.
The arrow hits you!
* * * LOW HITPOINT WARNING * * *
Blink to where?
Press: ? - help, Dir - move target cursor You are very lightly contaminated with residual magic.
As you read the scroll labeled GILADO VAIDGH, it crumbles to dust.
It was a scroll of blinking.
The centaur shoots an arrow.
The arrow hits you.
You die...

#........# #.......#####..#
#..>....#########..# #...
#...#..##...#####..######.#
#...#.)#.8...##...........#
#...........§.#.##.########
##...c......_.#.##.#
#####............#....#
#!..(.#.#.#.8...#####.#
#.###...# ##.@.######.# #.#
##### #####......## #.#
#####...# #.# #.....# #.#
#.#...# #.## #####.#####
#..# #.....# ####c####
#.##### #.......##### #.#


You could see a centaur.

Vanquished Creatures
  2 eyes of draining (D:3)
  An orc wizard (D:3)
  Jessica (D:3)
  A worker ant (D:4)
  3 adders
  A shadow imp (D:3)
  An ooze (D:1)
  An adder skeleton (D:4)
  2 worms (D:2)
  A dart slug (D:1)
  2 leopard geckos (D:3)
  9 orcs
  A giant cockroach (D:3)
  7 goblins
  7 hobgoblins
  2 quokkas
  A ball python (D:1)
  13 bats
  8 frilled lizards
  5 kobolds
  9 rats
78 creatures vanquished.

Notes
Turn   | Place    | Note
-------+----------+-------------------------------------------
     0 | D:1      | RaHiT the Mummy Conjurer began the quest for the Orb.
     0 | D:1      | Reached XP level 1. HP: 13/13 MP: 3/3
   177 | D:1      | Reached XP level 2. HP: 19/19 MP: 1/5
   181 | D:1      | Learned a level 2 spell: Searing Ray
   775 | D:1      | Reached skill level 3 in Spellcasting
  1043 | D:1      | Reached XP level 3. HP: 24/24 MP: 5/7
  1218 | D:2      | Noticed Sigmund
  1373 | D:2      | Found a deep blue altar of Sif Muna.
  1969 | D:3      | Reached skill level 4 in Spellcasting
  2057 | D:3      | Reached XP level 4. HP: 30/30 MP: 7/10
  2370 | D:3      | Noticed Jessica
  2413 | D:3      | Killed Jessica
  2678 | D:3      | Found an opulent altar of Gozag.
  2817 | D:3      | Noticed an ogre
  3369 | D:3      | Noticed an eye of draining
  3516 | D:3      | Killed an eye of draining
  3516 | D:3      | Reached skill level 5 in Spellcasting
  3516 | D:3      | Reached XP level 5. HP: 35/35 MP: 0/13
  3617 | D:3      | Learned a level 4 spell: Iskenderun's Mystic Blast
  3628 | D:3      | Noticed an eye of draining
  3775 | D:3      | Killed an eye of draining
  3775 | D:3      | Reached skill level 6 in Spellcasting
  3775 | D:3      | Reached XP level 6. HP: 41/41 MP: 0/15
  3782 | D:3      | Learned a level 5 spell: Iskenderun's Battlesphere
  4621 | D:4      | Found a stormy altar of Qazlal.
  4815 | D:4      | Found a hazy altar of Hepliaklqana.
  4909 | D:3      | Found a bloodstained altar of Trog.
  4911 | D:3      | HP: 1/41 [centaur/arrow (11)]
  4912 | D:3      | Shot with an arrow by a centaur

Skill      XL: |  1  2  3  4  5 |
---------------+----------------+-----
Spellcasting   | 3 4 5 6 |  6.0
Dodging        | |  1.5
Stealth        | |  1.5
Conjurations   | |  3.7

Action                   |  1- 3 |  4- 6 || total
-------------------------+-------+-------++-------
Melee: Unarmed           |     4 |       ||     4
       Spear             |       |    93 ||    93
 Cast: Magic Dart        |    78 |    78 ||   156
       Searing Ray       |     3 |    21 ||    24
  Use: Scroll            |       |     2 ||     2
Armor: Robe              |     5 |     6 ||    11
Dodge: Dodged            |    15 |    45 ||    60
